[Event "Early-Titled-Tuesday-Blitz-March-19-2024"]
[Site "Chess.com"]
[Date "2024.03.19"]
[Round "6"]
[White "Beca95"]
[Black "vasblesk"]
[Result "1-0"]
[WhiteElo "2979"]
[BlackElo "2781"]
[TimeControl "180+1"]
[EndTime "9:07:39 PDT"]
[Termination "Beca95 won by resignation"]

1. d4 d5 2. c4 c6 3. Nf3 Nf6 4. Nc3 e6 5. Bg5 Nbd7 6. e3 Qa5 7. cxd5 Nxd5 8. Qd2 Bb4 9. Rc1 h6 10. Bh4 Nxc3 11. bxc3 Ba3 12. Rc2 b6 13. Be2 O-O 14. O-O Ba6 15. e4 Bxe2 16. Qxe2 e5 17. Rd1 Rfe8 18. h3 Be7 19. Bg3 Bf6 20. Qc4 Rac8 21.
dxe5 Nxe5 22. Bxe5 Bxe5 23. Rd7 Re6 24. a4 Rce8 25. Nxe5 Qxe5 26. f3 b5 27. Qd4 a5 28.
Ra2 Qxd4+ 29. cxd4 b4 30. Kf2 Rb8 31. Ra7 b3 32. Rb2 Rd6 33. Ke3 Rb4 34. Rxa5 Rdxd4 35. Ra8+ Kh7 36. Rxb3 Rxa4 37. Rxa4 Rxa4 38. Rc3 Ra6 39. Kf4 Kg6 40. Ke5 f6+ 41. Kd6 h5 42. h4 Ra2 43. g3 Ra6 44. f4 Ra4 45. e5 Rd4+ 46. Ke7 Kf5 47. e6 Ra4 48. Kf7 Ra7+ 49. e7 Kg4 50. Kf8 Ra8+ 51. e8=Q Rxe8+ 52. Kxe8 g5 53. fxg5 fxg5 54. hxg5 Kxg5 1-0

[Event "Early-Titled-Tuesday-Blitz-March-19-2024"]
[Site "Chess.com"]
[Date "2024.03.19"]
[Round "6"]
[White "Kirill_Klukin"]
[Black "Shuvalov"]
[Result "1-0"]
[WhiteElo "2803"]
[BlackElo "2565"]
[TimeControl "180+1"]
[EndTime "9:07:39 PDT"]
[Termination "Kirill_Klukin won by resignation"]

1. d4 Nf6 2. Nf3 g6 3. e3 Bg7 4.
Be2 O-O 5. O-O c5 6. dxc5 Qc7 7. a3 Qxc5 8. b4 Qc7 9. Bb2 b6 10. c4 Bb7 11. Nc3 d6 12. Rc1 a6 13. Qb3 Nbd7 14. h3 Rac8 15. Rfd1 Qb8 16. Nd5 Nxd5 17. Bxg7 Kxg7 18.
cxd5 Nf6 19. Rxc8 Rxc8 20. g4 Qc7 21. g5 Nd7 22. Qb2+ Qc3 23. Qb1 b5 24. h4 Nb6 25.
Qe4 e6 26. h5 Bxd5 27. h6+ Kg8 28. Qf4 Nd7 29. Qxd6 Qc7 30. Qe7 Qd8 31. Qd6 Qc7 32.
Qxc7 Rxc7 33. e4 Bxe4 34. Ne5 Nf8 35. Rd8 Bf5 36. f4 Rc1+ 37. Kf2 Rc7 38. Ke3 Rc3+ 39.
Kd4 Rc7 40. Bf3 Bh3 41. Bc6 Bf5 42. Kc5 Be4 43. Kd6 Rxc6+ 44. Nxc6 Bxc6 45. Kxc6 f6 46. gxf6 Kf7 47. Kd6 g5 48. fxg5 e5 49. Kxe5 Ng6+ 50. Kd6 Nf4 51. Rd7+ Kg6 52. Rg7+ Kf5 53. f7 Ke4 54. f8=Q 1-0

[Event "Early-Titled-Tuesday-Blitz-March-19-2024"]
[Site "Chess.com"]
[Date "2024.03.19"]
[Round "6"]
[White "Ati1517"]
[Black "Orest_Vovk"]
[Result "0-1"]
[WhiteElo "2242"]
[BlackElo "2530"]
[TimeControl "180+1"]
[EndTime "9:07:39 PDT"]
[Termination "Orest_Vovk won by checkmate"]

1. e4 g5 2. d4 g4 3. Nc3 Bg7 4. Be3 d6 5. f3 c6 6. fxg4 Qa5 7.
h3 h5 8. Be2 Nf6 9. g5 Nxe4 10.
Qd3 Bf5 11. Qd1 Nxc3 12. bxc3 Qxc3+ 13. Bd2 Qg3+ 14. Kf1 Bxd4 15. Be1 Qf4+ 16. Nf3 Bxa1 17. Qxa1 e5 18. Qb2 b5 19. c4 Nd7 20. cxb5 cxb5 21. Qxb5 Ke7 22. Bd2 Qe4 23. Kf2 Rab8 24. Qa5 Rb2 25.
Qc3 Rc2 26. Qb3 Nc5 27. Qb5 Qb7 28. Qa5 Ne4+ 29. Ke1 Nxd2 30. Nxd2 Rc1+ 31. Bd1 Qxg2 32. Qxa7+ Bd7 33. Rg1 Qxh3 34. Qf2 Bg4 35. Qf6+ Kd7 36. Qxf7+ Kc6 37. Rxg4 Qxg4 38. Qb3 Qxd1+ 39. Qxd1 Rxd1+ 40. Kxd1 h4 41. Nf3 h3 42. Nh2 Rg8 43. g6 Rxg6 44. Kd2 Rg2+ 45. Ke1 Rxh2 46. Kf1 Rg2 47. Ke1 e4 48. Kf1 e3 49. Ke1 Rf2 50. Kd1 h2 51. Kc1 h1=R# 0-1

[Event "Early-Titled-Tuesday-Blitz-March-19-2024"]
[Site "Chess.com"]
[Date "2024.03.19"]
[Round "6"]
[White "FormerProdigy"]
[Black "Elegance_Riks"]
[Result "1/2-1/2"]
[WhiteElo "2946"]
[BlackElo "2773"]
[TimeControl "180+1"]
[EndTime "9:07:40 PDT"]
[Termination "Game drawn by repetition"]

1. e4 e6 2. d4 d5 3. Nd2 c5 4. Ngf3 Nc6 5. exd5 exd5 6. Bb5 Qe7+ 7. Qe2 Qxe2+ 8. Kxe2 a6 9. Bxc6+ bxc6 10. Re1 f6 11. dxc5 Bxc5 12. Nb3 Bd6 13. Be3 a5 14. Bc5 Kd7 15.
Bxd6 Kxd6 16. Kd2 Ne7 17. a4 Ng6 18. Nbd4 Ne5 19. b3 Bd7 20. Re3 c5 21. Nb5+ Bxb5 22. axb5 Nxf3+ 23. gxf3 d4 24. Re4 Rhb8 25. c4 dxc3+ 26.
Kxc3 Rxb5 27. Rd1+ Kc6 28. Re6+ Kb7 29. Re7+ Ka6 30.
Rxg7 Rab8 31. Rd6+ R8b6 32. Rxb6+ Rxb6 33. Rxh7 Rb4 34. h4 Rf4 35. h5 Kb5 36. Rb7+ Kc6 37. Rf7 Rxf3+ 38. Kc4 Rf4+ 39. Kd3 Rxf2 40. h6 Rf3+ 41. Ke4 Rxb3 42. Rxf6+ Kb5 43. Rf3 Rb4+ 44. Kf5 Rh4 45. Kg5 Rh1 46. Kg6 a4 47. h7 Kb4 48. Rf8 Rxh7 49. Kxh7 a3 50. Rb8+ Kc3 51. Ra8 Kb2 52. Rb8+ Kc3 53. Ra8 Kb2 54. Rb8+ Kc3 1/2-1/2

[Event "Early-Titled-Tuesday-Blitz-March-19-2024"]
[Site "Chess.com"]
[Date "2024.03.19"]
[Round "6"]
[White "AlessiaSanteramo"]
[Black "JosefineHeinemann"]
[Result "0-1"]
[WhiteElo "2263"]
[BlackElo "2455"]
[TimeControl "180+1"]
[EndTime "9:07:40 PDT"]
[Termination "JosefineHeinemann won on time"]

1. e4 c5 2. Nf3 d6 3. Bb5+ Nd7 4. d4 cxd4 5. Qxd4 a6 6. Bxd7+ Bxd7 7. c4 Nf6 8. Nc3 g6 9. O-O Bg7 10. Qd3 O-O 11.
Nd4 Qb6 12. a4 Bc6 13. Be3 Qc7 14. Nd5 Bxd5 15. exd5 Rac8 16. Rfc1 Nd7 17. a5 Nc5 18. Qc3 e5 19. dxe6 Nxe6 20. Qd2 Rfe8 21. b3 Qd8 22. Rd1 Qf6 23. Nxe6 Rxe6 24. Qd5 Qe7 25. Ra2 Re8 26. h3 h5 27. Rad2 Be5 28. Qf3 Bc3 29. Rd3 Bxa5 30. c5 dxc5 31. Rd7 Qf6 32. Qxb7 Bb4 33. Rc7 Re5 34.
Rdd7 Rf8 35. Qa7 Re4 36. Qb7 Qa1+ 37. Kh2 Qe5+ 38. g3 Rxe3 39. fxe3 Qxe3 40. Re7 Qd2+ 41. Qg2 Qg5 42. Qf2 Qd5 43. Red7 Qe6 44. Re7 Qxb3 45. Rcd7 Qc4 46. Qd2 Bxd2 0-1

[Event "Early-Titled-Tuesday-Blitz-March-19-2024"]
[Site "Chess.com"]
[Date "2024.03.19"]
[Round "6"]
[White "Zampronha1971"]
[Black "Kazmin_Semyon"]
[Result "0-1"]
[WhiteElo "2313"]
[BlackElo "2544"]
[TimeControl "180+1"]
[EndTime "9:07:41 PDT"]
[Termination "Kazmin_Semyon won by resignation"]

1. e4 e6 2. d4 d5 3. Nc3 Bb4 4. e5 c5 5. a3 Bxc3+ 6. bxc3 Qa5 7. Bd2 Qa4 8. Nf3 b6 9. Bd3 Ba6 10. O-O Bxd3 11. cxd3 Qxd1 12. Rfxd1 Nd7 13. a4 Ne7 14.
Rdb1 O-O 15. a5 Rfb8 16. Kf1 Nc6 17. axb6 axb6 18. Ke2 Kf8 19. Kd1 h6 20. Kc2 Ke7 21. h3 Kd8 22. Be3 Kc7 23. Nd2 cxd4 24. cxd4 Ra7 25. Rxa7+ Nxa7 26. Ra1 Nc6 27. Nb3 Kb7 28.
Kb2 g5 29. Nc1 f6 30. exf6 Nxf6 31. Ne2 Ne8 32. Nc3 Nd6 33. g4 Rf8 34. h4 gxh4 35.
Rh1 h5 36. gxh5 Nf5 37. h6 Rh8 38. Nb5 Nxe3 39. fxe3 Rxh6 40. Rh3 Ne7 41. e4 Ng6 42. Nd6+ Kc6 43. Nf7 Rh5 44. Kc3 Nf4 45. Rh2 h3 46.
Ne5+ Kd6 47. Nf7+ Ke7 48. Ne5 Kf6 49. Nd7+ Kg5 50. Nxb6 Kg4 51. Nd7 Kg3 0-1

[Event "Early-Titled-Tuesday-Blitz-March-19-2024"]
[Site "Chess.com"]
[Date "2024.03.19"]
[Round "6"]
[White "ZenBull"]
[Black "Juicy_Fork"]
[Result "0-1"]
[WhiteElo "2315"]
[BlackElo "2541"]
[TimeControl "180+1"]
[EndTime "9:07:43 PDT"]
[Termination "Juicy_Fork won on time"]

1. c4 Nf6 2. Nc3 c5 3. Nf3 g6 4. g3 Bg7 5. Bg2 O-O 6. O-O Nc6 7. Rb1 d5 8. cxd5 Nxd5 9. Nxd5 Qxd5 10. d3 Qxa2 11. Be3 Nd4 12. Bxd4 cxd4 13. b3 Qa5 14. b4 Qh5 15. Re1 Bh3 16. Bh1 Rac8 17. Qa4 a6 18. b5 axb5 19. Qxb5 Qxb5 20. Rxb5 Rc7 21. Nd2 Rb8 22. Nc4 Bd7 23. Rb6 Bc6 24. Reb1 Bxh1 25. Kxh1 e5 26. Kg2 e4 27. Na5 exd3 28. exd3 Rc3 29.
R1b3 f5 30. Nxb7 Kf8 31. Kf3 Ke7 32. Ke2 Ra8 33. R6b5 Ra2+ 34. Rb2 Raa3 35. Nc5 Kd6 36. Nb3 Ra8 37. Rb6+ Kc7 38. Rb5 Re8+ 39. Kf1 Rxd3 40.
Rc2+ Kd6 41. Rb6+ Kd5 42. Rc5+ Ke4 43. Rc7 Kf3 44. Rc1 Re2 45. Kg1 Rxf2 0-1

[Event "Early-Titled-Tuesday-Blitz-March-19-2024"]
[Site "Chess.com"]
[Date "2024.03.19"]
[Round "6"]
[White "Preobrazhenska_D2011"]
[Black "GodzillaChessYoutube"]
[Result "0-1"]
[WhiteElo "2477"]
[BlackElo "2669"]
[TimeControl "180+1"]
[EndTime "9:07:44 PDT"]
[Termination "GodzillaChessYoutube won by resignation"]

1. e4 c5 2. Nf3 e6 3. d4 cxd4 4. Nxd4 a6 5. Bd3 Bc5 6. Nb3 Be7 7. O-O Nc6 8. Bf4 d6 9. Nc3 Nf6 10. Qe2 Qc7 11. Bg3 Ne5 12. f4 Nxd3 13. Qxd3 Nh5 14. Be1 O-O 15. Qf3 g6 16. Bd2 b5 17. f5 b4 18. Ne2 exf5 19. exf5 Bb7 20. Qg4 Nf6 21.
Qd4 Qxc2 22. Rac1 Qe4 23. Qxe4 Nxe4 24. Bxb4 Bg5 25. Rc7 Be3+ 26. Kh1 Bd5 27. h3 Rfc8 28. Re7 Re8 29. Rxe8+ Rxe8 30. Ned4 Ng3+ 31. Kh2 Nxf1+ 32. Kh1 Bxd4 33. Nxd4 Ne3 34. fxg6 hxg6 35. Bxd6 Bxg2+ 36. Kh2 Bd5 37. Bf4 Nf1+ 38. Kg1 Ne3 39. Kf2 Nf5 40. Nc2 Bxa2 41. Nb4 Bc4 42. Nc6 Re2+ 43. Kf3 Rxb2 44. Ne5 Rb3+ 45. Kf2 Be6 46. Nc6 Rxh3 47. Be5 Rb3 48.
Na5 Rb5 49. Nc6 a5 50. Na7 Rxe5 0-1

[Event "Early-Titled-Tuesday-Blitz-March-19-2024"]
[Site "Chess.com"]
[Date "2024.03.19"]
[Round "6"]
[White "Defend1r"]
[Black "amanjazu"]
[Result "0-1"]
[WhiteElo "2716"]
[BlackElo "2551"]
[TimeControl "180+1"]
[EndTime "9:07:45 PDT"]
[Termination "amanjazu won by resignation"]

1. e4 Nf6 2. e5 Nd5 3. c4 Nb6 4. d4 d6 5. exd6 cxd6 6. h3 g6 7. Be3 Bg7 8. Nc3 O-O 9. b3 Nc6 10. Rc1 Bd7 11. d5 Nb4 12. Bd4 a5 13. Bxg7 Kxg7 14.
Nf3 a4 15. Be2 Qc7 16. O-O Qc5 17. Ne4 Qa5 18. Qd4+ f6 19. c5 N6xd5 20. cxd6 e5 21. Nxe5 fxe5 22. Qxe5+ Nf6 23. Rc5 Qd8 24. Ng5 Nc6 25.
Qc3 h6 26. Nf3 Kh7 27. Bd3 Be8 28. Rd1 Bf7 29. b4 Nd5 30. Qc1 Ndxb4 31. Be4 Nxa2 32. Qd2 Nab4 33. Rh5 Kg7 34. Qxh6+ Kf6 35. Qf4+ Ke6 36. Bf5+ Kf6 37. Qh4+ Kg7 38. Rh7+ Kg8 39. Rh8+ Kg7 40. Rh7+ Kg8 41. Qh6 Qf6 42. Be4 a3 43. Ng5 a2 44.
Bxg6 Bxg6 45. Rxb7 a1=Q 46. Rxa1 Rxa1+ 47. Kh2 Qf4+ 0-1

[Event "Early-Titled-Tuesday-Blitz-March-19-2024"]
[Site "Chess.com"]
[Date "2024.03.19"]
[Round "6"]
[White "Statham_01"]
[Black "superchess02"]
[Result "0-1"]
[WhiteElo "2595"]
[BlackElo "2828"]
[TimeControl "180+1"]
[EndTime "9:07:46 PDT"]
[Termination "superchess02 won by resignation"]

1. e4 c5 2. Nf3 d6 3. d4 cxd4 4. Nxd4 Nf6 5. Nc3 a6 6. a3 e6 7.
Be3 b5 8. g4 Bb7 9. Bg2 Nfd7 10. Qe2 Nc6 11. O-O-O Nce5 12. f4 Nc4 13. f5 e5 14. Ne6 fxe6 15. fxe6 Nf6 16. g5 Rc8 17. gxf6 Qxf6 18. Bh3 Be7 19. Rhf1 Qh4 20. Rf3 Nxe3 21.
Rxe3 Bg5 22. Kb1 Bxe3 23. Qxe3 O-O 24. Rxd6 Rc7 25. Qb6 Rxc3 26. e7 Qxe7 27. bxc3 Bxe4 28. Rd7 Qxa3 29. Qe6+ Kh8 30. Rf7 Rd8 31. Rd7 Rf8 32.
Rf7 Rxf7 33. Qxf7 Bg6 34. Qe6 Qxc3 35. Bf5 Qb4+ 36. Ka1 Qe1+ 37. Kb2 Qb4+ 38. Ka1 Qd4+ 39. Kb1 Qd1+ 40. Ka2 Qd8 41. Bxg6 hxg6 42. Qh3+ Kg8 43. Qe6+ Kf8 44. Qxg6 Qf6 45. Qh7 Qe6+ 46. Kb2 e4 47. Qh8+ Kf7 48. Qh5+ Kg8 49. Qe2 e3 50. Kc1 Qe5 51. Kb1 a5 52. h4 a4 53. h5 a3 54.
c4 b4 55. h6 b3 56. h7+ Kh8 57. c5 a2+ 58. Qxa2 bxa2+ 0-1

[Event "Early-Titled-Tuesday-Blitz-March-19-2024"]
[Site "Chess.com"]
[Date "2024.03.19"]
[Round "6"]
[White "1mbl4"]
[Black "Mandaloriana19"]
[Result "0-1"]
[WhiteElo "2608"]
[BlackElo "2425"]
[TimeControl "180+1"]
[EndTime "9:07:47 PDT"]
[Termination "Mandaloriana19 won by resignation"]

1. b3 b6 2. Bb2 Bb7 3. Nf3 e6 4. g3 Nf6 5. Bg2 Be7 6. O-O O-O 7. d3 c5 8. c4 d6 9. Nc3 Nbd7 10. e3 a6 11. Ne2 Qc7 12. Nf4 Rad8 13. Rc1 Bc6 14.
d4 Qb7 15. h4 Be4 16. h5 h6 17.
d5 exd5 18. Nh4 Bxg2 19. Nfxg2 dxc4 20. Nf5 Ne5 21. bxc4 Rfe8 22. f4 Neg4 23. Nxg7 Qxg2+ 24. Kxg2 Nxe3+ 25. Kh1 Nxd1 26. Bxf6 Bxf6 27. Nxe8 Rxe8 28. Rcxd1 Bd4 29. Rfe1 Rb8 30. g4 b5 31. cxb5 axb5 32. g5 Ra8 33. Re2 Ra3 34. Kg2 Kg7 35. Rb1 b4 36.
Rb3 Ra4 37. Kf3 c4 38. Rb1 Bc5 39. Kg4 c3 40. Rd1 hxg5 41. fxg5 b3+ 42. Kf5 c2 43. h6+ Kh7 44. Rc1 b2 45. Rexc2 bxc1=Q 46. Rxc1 Be3 47. Rf1 Ra5+ 48. Kf6 Bxg5+ 49. Kxf7 Rxa2 50. Rd1 Bf4 51. Kf6 Rf2 52. Ke6 Kxh6 53. Rd5 Be5 54. Kd7 Kg5 55. Ke6 Kf4 56. Ra5 Ke4 57. Ra4+ Kd3 58. Ra5 Rf6+ 59.
Kd5 Rh6 60. Ra3+ Kc2 61. Rf3 Rh4 62. Rf7 Rd4+ 63. Ke6 Kd3 64. Rc7 Ke4 65. Rh7 Bf4 66. Rh4 d5 67. Kf6 Ra4 68. Rh1 Ra6+ 69. Ke7 d4 70. Re1+ Be3 71. Rd1 d3 72. Kd7 d2 73.
Kc7 Rh6 0-1

[Event "Early-Titled-Tuesday-Blitz-March-19-2024"]
[Site "Chess.com"]
[Date "2024.03.19"]
[Round "6"]
[White "VladimirKramnik"]
[Black "Agibileg"]
[Result "1-0"]
[WhiteElo "3031"]
[BlackElo "2824"]
[TimeControl "180+1"]
[EndTime "9:07:49 PDT"]
[Termination "VladimirKramnik won on time"]

1. e4 e5 2. Nf3 Nc6 3. Bc4 Nf6 4. d3 h6 5. O-O d6 6. c3 g5 7.
Bb3 Bg7 8. Nbd2 O-O 9. h3 Ne7 10. Re1 Ng6 11. Nf1 d5 12. Ng3 dxe4 13. dxe4 Qxd1 14.
Bxd1 Rd8 15. Bc2 Be6 16. Nf5 Bf8 17. g3 a5 18. h4 g4 19. Nh2 Kh7 20. a4 Ra6 21. Be3 Bxf5 22. exf5 Ne7 23. Kg2 Ned5 24. Bg5 hxg5 25. hxg5 Nd7 26. f6+ Kg8 27. Nxg4 N7xf6 28. gxf6 Nxf6 29. Nxe5 Bd6 30. Nc4 Bc5 31. Rad1 Rxd1 32. Rxd1 Re6 33. Kf3 b6 34. Bf5 Re7 35. Rd2 Ne8 36. Rd7 Re1 37. Rd8 Kg7 38. Nd2 Nd6 39. Bc2 Rc1 40. Bb3 Re1 41. Rd7 Kf6 42. Rxc7 Re5 43. Bc2 Rd5 44. Nf1 Re5 45. Rc6 1-0

[Event "Early-Titled-Tuesday-Blitz-March-19-2024"]
[Site "Chess.com"]
[Date "2024.03.19"]
[Round "6"]
[White "Grossboss19"]
[Black "BashirliSaadat"]
[Result "1-0"]
[WhiteElo "2568"]
[BlackElo "2370"]
[TimeControl "180+1"]
[EndTime "9:07:49 PDT"]
[Termination "Grossboss19 won by resignation"]

1. e4 c6 2. Nf3 d5 3. Nc3 d4 4. Ne2 c5 5. Ng3 Nc6 6. Bb5 Bd7 7. d3 g6 8. O-O Bg7 9. a4 Nf6 10. Nd2 O-O 11. f4 a6 12. Bxc6 Bxc6 13. f5 Qc7 14. Nc4 b5 15. Bf4 Qb7 16. Na5 Qb6 17.
Nxc6 Qxc6 18. Qf3 Nd7 19. Ne2 Ne5 20. Qg3 Nd7 21. h4 h5 22. Bg5 Rae8 23. axb5 axb5 24.
Ra7 Nf6 25. Nf4 Ng4 26. Nd5 Be5 27. Bf4 Bxf4 28. Qxf4 Qd6 29. Nxe7+ Rxe7 30. Qxd6 Rxa7 31. fxg6 f6 32. Qxc5 Rg7 33. Qxh5 Ne3 34. Rf2 b4 35. Qh6 Ra8 36. Qf4 Rxg6 37. h5 Ra1+ 38. Kh2 Ng4+ 39. Kg3 Rg7 40. Qxg4 Rxg4+ 41. Kxg4 Rb1 42. b3 Rc1 43. Kf5 Kg7 44. e5 fxe5 45. Kxe5 Kh6 46. g4 Kg5 47. Kxd4 Kxg4 48. Rh2 Re1 49. h6 Re8 50. h7 Rh8 51. Kc4 Kf5 52. Kxb4 Ke5 53. Rh4 Kd5 54. c4+ Kc6 55. Kc3 Kd6 56. d4 Kc6 57. b4 Kd6 58. b5 Kc7 59. c5 Kd7 60. Kc4 Kc7 61. d5 Kd7 62. Rh6 Kc7 63. b6+ Kd7 64.
Kb5 Kc8 65. d6 Kb8 66. c6 Kc8 67. Rg6 Kd8 68. Rg8+ 1-0

[Event "Early-Titled-Tuesday-Blitz-March-19-2024"]
[Site "Chess.com"]
[Date "2024.03.19"]
[Round "6"]
[White "JoliyRoger"]
[Black "Alina_Gumerovna"]
[Result "1/2-1/2"]
[WhiteElo "2416"]
[BlackElo "2169"]
[TimeControl "180+1"]
[EndTime "9:07:49 PDT"]
[Termination "Game drawn by repetition"]

1. d4 Nf6 2. c4 e6 3. Nc3 d5 4. Nb1 Bb4+ 5. Nc3 O-O 6. Bg5 h6 7. Qb3 Bxc3+ 8. bxc3 hxg5 9. Nf3 Ne4 10. e3 b6 11. cxd5 exd5 12. Bd3 Ba6 13. Bxe4 dxe4 14. Nd2 Bd3 15. h4 g4 16. h5 g3 17. fxg3 Qg5 18.
O-O-O c5 19. Rh4 Qxe3 20. h6 g6 21. h7+ Kh8 22. Qd5 Na6 23. Rf4 f6 24. Rxf6 Qxg3 25. Qe6 Be2 26. Nxe4 Qe3+ 27. Rd2 cxd4 28. Qe5 Qg1+ 29.
Kb2 dxc3+ 30. Nxc3 Qc5 31. Rxf8+ Kxh7 32. Qh2+ Kg7 33.
Rxa8 Qb4+ 34. Kc1 Qxc3+ 35. Rc2 Qe3+ 36. Kb2 Qd4+ 37. Kc1 Qa1+ 38. Kd2 Qd4+ 39. Kxe2 Qe4+ 40. Kd2 Qxa8 41. Qe5+ Kh6 42. Qf4+ Kg7 43. Qd4+ Kh6 44.
Qe3+ Kg7 45. Qe5+ Kh6 46. Qh2+ Kg7 47. Qe5+ 1/2-1/2

[Event "Early-Titled-Tuesday-Blitz-March-19-2024"]
[Site "Chess.com"]
[Date "2024.03.19"]
[Round "6"]
[White "DenLaz"]
[Black "nihalsarin"]
[Result "1-0"]
[WhiteElo "3097"]
[BlackElo "3173"]
[TimeControl "180+1"]
[EndTime "9:07:50 PDT"]
[Termination "DenLaz won by resignation"]

1. d4 a6 2. e4 c6 3. Bd3 d5 4. Nd2 dxe4 5. Nxe4 Bf5 6. Nc5 Bxd3 7. Qxd3 Qc8 8. Nf3 Nf6 9. Bg5 Nbd7 10. O-O-O e6 11.
Nxd7 Qxd7 12. Ne5 Qc7 13. Kb1 Bd6 14. Rhe1 O-O-O 15. Nc4 Bf4 16. Bxf4 Qxf4 17. Ne5 Ng4 18. Nxg4 Qxg4 19. g3 Rd7 20. f3 Qh3 21. Qe2 Rhd8 22. c3 h5 23. Ka1 g6 24. a3 Qf5 25. h4 Qa5 26. Kb1 Rd5 27. Qc2 Qc7 28. f4 Qd7 29. Kc1 Kb8 30. Re5 Qc7 31. Rde1 c5 32. Rxd5 Rxd5 33.
Re5 cxd4 34. Rxd5 exd5 35. cxd4 Kc8 36. Qxc7+ Kxc7 37. Kd2 Kd6 38. f5 gxf5 39. Ke3 Ke6 40. Kf4 f6 41. b3 b6 42. b4 b5 43. Kf3 Kf7 44. Ke3 Ke7 45. Kf3 Kf7 46. Ke3 Kg7 47. Kf3 Kg6 48. Kf4 Kg7 49. Kxf5 Kf7 50. g4 hxg4 51. Kxg4 1-0

[Event "Early-Titled-Tuesday-Blitz-March-19-2024"]
[Site "Chess.com"]
[Date "2024.03.19"]
[Round "6"]
[White "balack95"]
[Black "Saxar85"]
[Result "0-1"]
[WhiteElo "2468"]
[BlackElo "2727"]
[TimeControl "180+1"]
[EndTime "9:07:50 PDT"]
[Termination "Saxar85 won by resignation"]

1. d4 Nf6 2. c4 e6 3. Nc3 Bb4 4. f3 O-O 5. e4 d5 6. cxd5 exd5 7. e5 Nfd7 8. a3 Bxc3+ 9. bxc3 c5 10. Bd3 f6 11. f4 fxe5 12. dxe5 Nc6 13. Nf3 Nb6 14. O-O Bf5 15. a4 Qd7 16. a5 Bxd3 17. Qxd3 Nc4 18. a6 b6 19. Ng5 g6 20. Rd1 Rad8 21. e6 Qe7 22. Qf3 h6 23. Nf7 Qxe6 24. Nxd8 Rxd8 25. f5 Qxf5 26. Qxf5 gxf5 27. Bxh6 Kf7 28. Bg5 Rd7 29. h4 N4e5 30. Rf1 Kg6 31. Ra4 c4 32. Re1 d4 33. cxd4 Rxd4 34. Be3 Re4 35. Bf2 b5 36. Raa1 c3 37. Red1 b4 38. Rd6+ Kh5 39. Rb1 c2 40.
Rc1 b3 41. Rd2 Rc4 42. Be3 b2 43. Rd6 bxc1=Q+ 44. Bxc1 Rb4 45. Kh2 Rb1 46. Bg5 Ng6 47. Kh3 c1=Q 48. Bxc1 Rxc1 49. Rd5 Rc3+ 50. g3 Nf4+ 0-1

[Event "Early-Titled-Tuesday-Blitz-March-19-2024"]
[Site "Chess.com"]
[Date "2024.03.19"]
[Round "6"]
[White "Fh2411"]
[Black "Gryffindorac8"]
[Result "0-1"]
[WhiteElo "2630"]
[BlackElo "2406"]
[TimeControl "180+1"]
[EndTime "9:07:51 PDT"]
[Termination "Gryffindorac8 won on time"]

1. d4 Nf6 2. Nf3 e6 3. Bf4 d5 4. e3 Bd6 5. Nbd2 O-O 6. Ne5 c5 7. Bg5 h6 8. Bh4 Nc6 9. Ndf3 Be7 10. c3 Nxe5 11. Nxe5 Nd7 12. Bxe7 Qxe7 13. Nf3 Rd8 14.
Bb5 Nf6 15. O-O a6 16. Bd3 Nd7 17. Ne5 Nxe5 18. dxe5 Bd7 19. Re1 Bc6 20. f4 d4 21.
cxd4 cxd4 22. e4 Bb5 23. Bxb5 axb5 24. Qd3 Qc5 25. a3 b4 26. a4 Rac8 27. Re2 Rd7 28.
h3 b6 29. Rd1 Qa5 30. Qb3 Qc5 31.
Kh2 b5 32. a5 Ra8 33. Ra1 Qc4 34. Qd1 d3 35. Re3 d2 36. a6 Raa7 37. Re2 Qd3 38. b3 Qc3 39. Ra2 Qc1 40. Qxd2 Rxd2 41. Rexd2 Qc7 42. Rd6 Qc3 43. Rad2 Qxb3 44. Rd7 Rxa6 45.
Rd8+ Kh7 46. f5 Qe3 47. R2d7 Qf4+ 48. Kh1 Ra1+ 0-1

[Event "Early-Titled-Tuesday-Blitz-March-19-2024"]
[Site "Chess.com"]
[Date "2024.03.19"]
[Round "6"]
[White "laziestwin"]
[Black "Matols"]
[Result "1-0"]
[WhiteElo "2563"]
[BlackElo "2352"]
[TimeControl "180+1"]
[EndTime "9:07:51 PDT"]
[Termination "laziestwin won on time"]

1. c4 e6 2. d4 d5 3. a3 Nf6 4.
cxd5 exd5 5. Nc3 Be7 6. Bf4 c6 7. e3 O-O 8. Bd3 Bg4 9. Qc2 Nbd7 10. Nge2 Re8 11. O-O Nf8 12. h3 Bxe2 13. Nxe2 Bd6 14.
Bg5 h6 15. Bh4 g5 16. Bg3 Ne4 17. Bxd6 Qxd6 18. f3 Ng3 19. Nxg3 Qxg3 20. Qf2 Qxf2+ 21. Kxf2 Kg7 22. b4 Ne6 23. Rab1 b5 24. Rfc1 Nd8 25. a4 a6 26. Ra1 Rb8 27. axb5 axb5 28. Ra7 Rb6 29.
Rc7 Ra6 30. Bf5 Ra2+ 31. Rc2 Ra4 32. Rb2 Ra3 33. Rc8 Kf8 34. Bd7 Raxe3 35. Bxe8 Rxe8 36. Re2 Rxe2+ 37. Kxe2 Ke7 38. Kd3 Kd7 39. Ra8 Nb7 40. Ra7 Kc7 41. h4 Kb8 42. Ra6 Kc7 43. hxg5 hxg5 44. Ra8 Nd6 45. Rg8 f6 46. Rg7+ Kb6 47.
Rg6 Ne8 48. Rg8 Nd6 49. Rf8 1-0

[Event "Early-Titled-Tuesday-Blitz-March-19-2024"]
[Site "Chess.com"]
[Date "2024.03.19"]
[Round "6"]
[White "Kildepiotr"]
[Black "Chernov_Alexander_A"]
[Result "1-0"]
[WhiteElo "2685"]
[BlackElo "2305"]
[TimeControl "180+1"]
[EndTime "9:07:51 PDT"]
[Termination "Kildepiotr won on time"]

1. Nf3 d5 2. g3 c6 3. Bg2 Bg4 4. O-O Nd7 5. d3 e5 6. Nbd2 Ngf6 7. e4 dxe4 8. dxe4 Qc7 9. h3 Bh5 10. Qe1 Be7 11. a4 a5 12. Nc4 O-O 13. Nh4 Rfe8 14. Nf5 Bf8 15. g4 Bg6 16. Ng3 Nc5 17. Qe2 Ne6 18. c3 Nf4 19. Qf3 Nd7 20. Rd1 Nc5 21. Be3 Nce6 22. h4 h6 23. Bb6 Qb8 24. Bf1 f6 25.
Nf5 h5 26. Ncd6 hxg4 27. Qg3 Bxf5 28. Nxf5 Bc5 29. Bxc5 Nxc5 30. Qxg4 Qc7 31. Bc4+ Kh7 32. Kh2 Rad8 33. Rxd8 Rxd8 34. Rg1 g6 35. h5 g5 36. Rd1 Rxd1 37. Qxd1 Qd7 38. Qxd7+ Nxd7 39. Nd6 Nc5 40. b4 axb4 41. cxb4 Nxa4 42. Nxb7 Nxh5 43.
Nd8 c5 44. Bb3 Nb6 45. bxc5 Nc8 46. c6 Ne7 47. c7 Nf4 48. Nc6 Nc8 49. Bc4 Nb6 50. Ne7 Kg7 51. c8=Q Nxc8 52. Nxc8 Ng6 53. Nd6 Nf4 54. Nf5+ Kg6 55. Kg3 Nh5+ 56. Kg4 Nf4 57. Ne7+ Kg7 58. Kf5 Nh3 59. f3 Ng1 60. Kg4 1-0

[Event "Early-Titled-Tuesday-Blitz-March-19-2024"]
[Site "Chess.com"]
[Date "2024.03.19"]
[Round "6"]
[White "baki83"]
[Black "Grischuk"]
[Result "1/2-1/2"]
[WhiteElo "2872"]
[BlackElo "3088"]
[TimeControl "180+1"]
[EndTime "9:07:52 PDT"]
[Termination "Game drawn by agreement"]

1. e4 e5 2. Nf3 Nc6 3. Bb5 a6 4. Ba4 Nf6 5. O-O Be7 6. Re1 b5 7. Bb3 d6 8. c3 O-O 9. h3 Nd7 10. d4 Bf6 11. a4 Bb7 12. axb5 axb5 13. Rxa8 Qxa8 14. Na3 exd4 15. cxd4 Na5 16. Bc2 b4 17. Nb5 Qb8 18. Bd3 Ba6 19. Qa4 Qb6 20. Be3 Rb8 21.
Ra1 Bxb5 22. Bxb5 Qxb5 23. Qxa5 Qb7 24. e5 dxe5 25. dxe5 Be7 26. Bg5 Bf8 27. Be3 h6 28.
Qa7 c5 29. Qa4 Nb6 30. Qc2 Nd5 31. Bd2 Nc7 32. Be3 Ne6 33. Nd2 Qd5 34. Nc4 b3 35.
Qc3 Rb4 36. Nd2 Nd4 37. Bxd4 cxd4 38. Qc8 Qxe5 39. Ra8 Qe7 40. Nf3 d3 41. Qd8 Qxd8 42. Rxd8 g6 43. Rxd3 Bg7 44. Nd2 Bxb2 45. Rxb3 Rxb3 46.
Nxb3 Kg7 47. Nd2 Bc3 48. Nf1 Bf6 49. g3 h5 1/2-1/2

[Event "Early-Titled-Tuesday-Blitz-March-19-2024"]
[Site "Chess.com"]
[Date "2024.03.19"]
[Round "6"]
[White "jraosam"]
[Black "Muslim_player_05"]
[Result "0-1"]
[WhiteElo "2009"]
[BlackElo "2493"]
[TimeControl "180+1"]
[EndTime "9:07:53 PDT"]
[Termination "Muslim_player_05 won by resignation"]

1. Nf3 Nf6 2. c4 g6 3. b3 Bg7 4. Bb2 O-O 5. e3 c5 6. Be2 Nc6 7. O-O d5 8. cxd5 Qxd5 9. Nc3 Qd7 10. Na4 b6 11. d4 cxd4 12. Nxd4 Nxd4 13. Qxd4 Qxd4 14.
Bxd4 Bb7 15. Rac1 Rac8 16. Nc3 a6 17. Bxb6 Rxc3 18. Rxc3 Nd5 19. Rc7 Nxc7 20. Bxc7 Rc8 21. Bb6 Rc2 22. Bd3 Rxa2 23. Rc1 Be5 24. Bc7 Bb2 25.
Rd1 Bd5 26. Bb1 Ra1 27. Bc2 Rxd1+ 28. Bxd1 Bc3 29. f3 f5 30. Kf2 Kf7 31. Ke2 Ke6 32. Kd3 Bb4 33. e4 Bc6 34. Kc4 a5 35. exf5+ gxf5 36. Bc2 h5 37. Bf4 h4 38. h3 Be1 39.
Kc5 Bd7 40. Bg5 Kf7 41. Kb6 e5 42. Kc7 Ke6 43. Be3 Bb5 44. Kb6 Bf1 45. g4 hxg3 46. h4 Bf2 47. Bxf2 gxf2 48. h5 Be2 0-1